 Dungeon Crawl Stone Soup version 0.31.0-12-g77e489cdc1 (webtiles) character file.

Game seed: 15051912244480440666

59 Ruich the Chopper (level 4, 0/28 HPs)
             Began as a Tengu Berserker on Feb 12, 2024.
             Was a Believer of Trog.
             Slain by an orc priest
             ... wielding a +0 flail
              (6 damage)
             ... on level 3 of the Dungeon.
             The game lasted 00:02:05 (1524 turns).

Ruich the Chopper (Tengu Berserker)                 Turns: 1524, Time: 00:02:06

Health: 0/28       AC:  5    Str: 19    XL:     4   Next: 3%
Magic:  5/5        EV: 11    Int:  7    God:    Trog [**....]
Gold:   111        SH:  0    Dex: 14    Spells: 3/3 levels left

rFire   . . .        a - +0 hand axe
rCold   . . .        (no shield)
rNeg    . . .        j - +0 ring mail
rPois   .            (helmet restricted)
rElec   .            (no cloak)
rCorr   .            (no gloves)
SInv    .            (boots unavailable)
Will    .....        (no amulet)
Stlth   +            (no ring)
HPRegen 0.24/turn    (no ring)
MPRegen 0.09/turn

%: acrobat
@: no status effects
A: beak, talons 3, acrobatic
a: Renounce Religion, Berserk, Trog's Hand


You were on level 3 of the Dungeon.
You worshipped Trog.
Trog was pleased with you.
You visited 1 branch of the dungeon, and saw 3 of its levels.

You collected 111 gold pieces.


Innate Abilities, Weirdness & Mutations

You have a beak for a mouth.
You have claws for feet.
You can magically evade attacks while moving or waiting.


   Skills:
 + Level 3.4 Fighting
 * Level 4.2 Axes
 + Level 2.8 Armour
 + Level 2.8 Dodging


You had 3 spell levels left.
You didn't know any spells.
Your spell library was empty.

Inventory:

Hand Weapons
 a - a +0 hand axe (weapon)
Armour
 j - a +0 ring mail (worn)
Jewellery
 C - a ring of ice
Scrolls
 b - a scroll of summoning {unknown}
 e - 4 scrolls of teleportation {unknown}
 h - a scroll of poison {unknown}
 i - 2 scrolls of enchant weapon {unknown}
 k - a scroll of enchant armour {unknown}
 m - a scroll of fear {unknown}
 n - a scroll of blinking {unknown}
Potions
 c - a potion of might {unknown}
 d - a potion of heal wounds {unknown}
 f - 2 potions of degeneration {unknown}
 g - a potion of mutation {unknown}
 l - a potion of curing {unknown}

Dungeon Overview and Level Annotations

Branches:
Dungeon (3/15)

Altars:

.......# ......#
.....# ....#
...### .K..#
#oo.# #@b.#
.#######...#
.....J.J...#
.................
#.........#..#[..
#.........##.# .
#...#.....# .#
#..#.#....# #
#.#.⚑.#...#


You could see a jelly, 2 orc priests, a bat and a kobold.


Message History

You climb downwards.
The orc priest shouts! x2; The kobold shouts!
There is a stone staircase leading up here.
A bat comes into view.
Found a leather armour.
Found a faded altar of an unknown god.
A jelly comes into view.
The jelly quivers.
There are monsters nearby!
The bat misses you.
You barely miss the bat. The bat barely misses you.
The bat hits you but does no damage. The bat completely misses you.
The kobold throws a stone.
The stone barely misses you.
The orc priest mumbles some strange prayers to Beogh against you.
Pain shoots through your body! The bat closely misses you.
The bat closely misses you.
There is a stone staircase leading up here.
You hit the orc priest.
The orc priest is moderately wounded.
You barely miss the orc priest. The bat hits you but does no damage.
The orc priest hits you with a +0 dagger.
* * * LOW HITPOINT WARNING * * *
The orc priest hits you with a +0 flail.
* * * LOW HITPOINT WARNING * * *
Unknown command.
The orc priest hits you with a +0 dagger.
* * * LOW HITPOINT WARNING * * *
The orc priest hits you with a +0 flail.
You die...

Skill      XL: |  1  2  3 |
---------------+----------+-----
Axes           | 4 |  4.2
Fighting       | |  3.4
Armour         | |  2.8
Dodging        | |  2.8

Action                     |  1- 3 |  4- 6 || total
---------------------------+-------+-------++-------
  Melee: Hand axe          |    87 |     7 ||    94
         Kick              |    12 |     1 ||    13
         Peck              |     9 |       ||     9
 Armour: Animal skin       |    19 |       ||    19
         Ring mail         |    18 |     8 ||    26
  Dodge: Dodged            |    63 |    10 ||    73

Levels and vault maps discovered:
D:1:      amcnicky_arrival_wind_blow, layout_loops_corners,
          minmay_misc_feat_nine_boxes, lexackson_kobold_supper
D:2:      layout_rooms
D:3:      layout_basic, old_standard_altar,
          chequers_ecumenical_altar_simple_redux, uniq_grinder, uniq_robin,
          uniq_crazy_yiuf_cottage

Notes
Turn   | Place    | Note
-------+----------+-------------------------------------------
     0 | D:1      | Ruich the Tengu Berserker began the quest for the Orb.
     0 | D:1      | Reached XP level 1. HP: 14/14 MP: 2/2
   260 | D:1      | Reached XP level 2. HP: 19/19 MP: 3/3
   643 | D:1      | Reached XP level 3. HP: 23/23 MP: 4/4
   666 | D:1      | Reached ** piety under Trog
  1118 | D:2      | Reached skill level 4 in Axes
  1343 | D:2      | Reached XP level 4. HP: 28/28 MP: 5/5
  1516 | D:3      | Found a faded altar of an unknown god.
  1524 | D:3      | Slain by an orc priest

Vanquished Creatures
  An adder (D:2)
  6 endoplasms (D:1)
  A giant cockroach (D:2)
  4 goblins
  2 hobgoblins
  4 jackals (D:2)
  9 kobolds
  2 quokkas
  9 bats
  5 frilled lizards
  5 rats
48 creatures vanquished.

Table legend: (Time is in decaauts)
 A = Elapsed time spent in this place.
 B = Non-inter-level travel time spent in this place.
 C = Inter-level travel time spent in this place.
 D = Time resting spent in this place.
 E = Time spent auto-exploring this place.
 F = Levels seen in this place.
 G = Mean time per level.
                   A        B        C        D        E       F      G
               +--------+--------+--------+--------+--------+-----+--------+
         Total |   1533 |   1500 |     33 |     47 |   1137 |   3 |  511.0 |
       Dungeon |   1533 |   1500 |     33 |     47 |   1137 |   3 |  511.0 |
               +--------+--------+--------+--------+--------+-----+--------+

Top non-repeatable levels by time:
     D:1: 1049 daAuts
     D:2: 475 daAuts
     D:3: 9 daAuts

Table legend:
 A = Non-vault XP
 B = Vault XP
 C = Vault XP percentage of total XP
 D = Non-vault monster count
 E = Vault monster count
 F = Vault count percentage of total count
                 A         B        C        D         E       F
            +---------+---------+-------+---------+---------+-------
      Total |      76 |       9 |  10.6 |      40 |       8 |  16.7
            +---------+---------+-------+---------+---------+-------
        D:1 |      34 |       9 |  20.9 |      21 |       8 |  27.6
        D:2 |      42 |       0 |   0.0 |      19 |       0 |   0.0
            +---------+---------+-------+---------+---------+-------
